Map: Ephemeron LE

Players

Lambo

  • Race: Zerg Zerg
  • League: Master
  • Spawn Location: 5:00

Denver - Winner!

  • Race: Zerg Zerg
  • League: Master
  • Spawn Location: 11:00

VOD

Have the link to the VOD?

Description

Time

  • Played on: Jan. 14, 2020, 1 p.m.
  • Length: 10:10
Show
View Real Time Build Order
Export as new Build Order

Lambo Zerg 

Build Orders: Hatch First 

Get SALT Encoding   

  12  0:00  Drone  
  13  0:13  Overlord  
  13  0:17  Drone  
  14  0:31  Drone x2  
  16  0:47  Hatchery  
  15  0:51  Drone  
  15  0:54  Drone  
  17  0:58  Drone  
  17  1:01  Extractor  
  17  1:13  Spawning Pool  
  17  1:17  Drone  
  17  1:20  Drone  
  18  1:29  Drone  
  19  1:40  Drone  
  20  1:50  Drone  
  21  1:59  Queen  
  21  2:00  Zergling x2, Queen  
  26  2:04  Metabolic Boost  
  26  2:07  Drone  
  27  2:11  Overlord  
  27  2:14  Drone  
  28  2:29  Drone  
  29  2:31  Zergling x2  
  29  2:35  Hatchery  
  29  2:38  Drone  
  29  2:42  Drone  
  32  2:44  Drone  
  32  2:46  Overlord  
  32  2:55  Zergling x4  
  34  3:07  Zergling x4  
  34  3:10  Zergling x12  
  42  3:21  Baneling Nest  
  42  3:24  Drone  
  42  3:26  Overlord  
  42  3:28  Zergling x2  
  43  3:34  Drone  
  44  3:42  Overlord  
  44  3:45  Drone x7  
  51  3:50  Drone  
  51  3:59  Drone  
  51  4:00  Zergling x4  
  54  4:05  Zergling x2  
  54  4:09  Zergling x4  
  57  4:17  Zergling x8  
  59  4:19  Zergling x6  
  59  4:21  Baneling  
  58  4:26  Zergling x2  
  56  4:32  Zergling x2  
  56  4:33  Queen x2  
  52  4:39  Zergling x6  
  52  4:42  Zergling x2  
  56  4:47  Baneling x6  
  56  4:48  Zergling x2  
  56  4:50  Zergling x2  
  58  4:55  Zergling x4  
  59  5:02  Zergling x4  
  57  5:14  Zergling x10  
  61  5:20  Drone  
  62  5:22  Baneling x2  
  62  5:27  Zergling x6  
  64  5:32  Overlord  
  60  5:40  Zergling x4  
  59  5:47  Drone x4  
  59  5:48  Baneling  
  59  5:49  Baneling x2  
  58  5:50  Drone x4  
  58  5:52  Drone x2  
  58  5:54  Drone  
  58  5:55  Drone  
  65  6:00  Drone  
  66  6:05  Drone x2  
  67  6:18  Evolution Chamber  
  66  6:20  Queen  
  66  6:21  Extractor, Drone x5  
  66  6:22  Extractor  
  70  6:27  Baneling x2  
  70  6:30  Drone x4  
  70  6:31  Drone  
  73  6:35  Overlord  
  73  6:40  Overlord  
  73  6:43  Drone  
  73  6:45  Overlord  
  74  6:48  Baneling x4  
  74  6:49  Baneling  
  74  6:53  Queen  
  75  6:57  Drone x5  
  75  7:02  Drone x3  
  78  7:10  Zerg Missile Weapons Level 1  
  78  7:12  Roach Warren  
  78  7:13  Drone x3  
  80  7:17  Overlord  
  80  7:22  Overlord x2  
  80  7:34  Drone x3  
  80  7:36  Drone x2  
  80  7:37  Lair, Drone x4  
  88  7:40  Drone  
  88  7:42  Evolution Chamber  
  88  7:43  Extractor  
  88  7:44  Extractor x2  
  86  7:46  Drone x2, Pneumatized Carapace  
  86  7:51  Drone x3  
  89  7:53  Drone  
  89  7:57  Roach  
  91  8:00  Roach  
  91  8:02  Drone x2  
  95  8:09  Zerg Ground Armor Level 1  
  95  8:24  Roach x9  
  111  8:27  Hatchery  
  111  8:28  Roach x3  
  111  8:31  Roach x2  
  111  8:42  Glial Reconstitution  
  111  8:43  Overseer  
  111  8:48  Roach x5  
  121  8:57  Overlord  
  121  9:00  Overlord x2  
  121  9:01  Overlord  
  121  9:05  Overlord  
  121  9:07  Overlord  
  121  9:13  Overlord  
  121  9:16  Overlord  
  121  9:18  Roach x3  
  121  9:20  Ravager x4  
  121  9:22  Roach  
  121  9:23  Roach  
  135  9:27  Roach  
  135  9:28  Roach  
  139  9:32  Roach x3  
  139  9:35  Roach  
  139  9:37  Roach x2  
  149  9:42  Roach  
  149  9:45  Roach x3  
  140  9:49  Roach  
Show
View Real Time Build Order
Export as new Build Order

Denver Zerg - Winner!

Build Orders: Hatch First 

Get SALT Encoding   

  12  0:00  Drone  
  13  0:12  Overlord  
  13  0:17  Drone  
  14  0:31  Drone  
  14  0:32  Drone  
  16  0:48  Hatchery  
  15  0:52  Drone  
  15  0:56  Drone  
  17  0:59  Drone  
  18  1:10  Extractor  
  17  1:15  Spawning Pool  
  17  1:18  Drone  
  17  1:21  Drone  
  18  1:28  Drone  
  19  1:39  Drone  
  20  1:51  Drone  
  21  2:01  Overlord  
  21  2:02  Zergling x2, Queen x2  
  26  2:10  Metabolic Boost  
  26  2:12  Drone  
  27  2:17  Drone  
  28  2:24  Drone x2  
  30  2:37  Hatchery  
  30  2:39  Drone  
  30  2:43  Drone  
  31  2:49  Baneling Nest  
  31  2:50  Drone  
  31  2:53  Drone  
  32  2:58  Overlord  
  32  3:01  Drone  
  33  3:06  Zergling x4  
  33  3:11  Zergling x2  
  36  3:17  Overlord  
  36  3:18  Zergling x6  
  39  3:22  Zergling x2  
  39  3:23  Zergling x2  
  41  3:27  Queen  
  41  3:32  Zergling x2  
  41  3:34  Baneling x2  
  44  3:35  Baneling  
  44  3:36  Zergling x2  
  44  3:37  Zergling x2  
  46  3:44  Zergling x6  
  49  3:57  Zergling x10  
  54  4:08  Zergling x6  
  56  4:16  Zergling x4  
  58  4:18  Overlord  
  58  4:20  Baneling x2  
  53  4:29  Zergling x2  
  53  4:30  Zergling x8  
  56  4:32  Overlord  
  56  4:34  Overlord  
  56  4:35  Overlord  
  49  4:47  Drone  
  49  4:48  Drone x5  
  55  4:53  Drone x2  
  57  5:03  Zergling x6  
  57  5:12  Drone x3  
  59  5:14  Baneling  
  59  5:15  Baneling  
  59  5:16  Roach Warren  
  59  5:17  Zergling x6, Evolution Chamber  
  59  5:20  Baneling x2  
  60  5:25  Baneling x2  
  60  5:26  Baneling  
  59  5:33  Zergling x12  
  60  5:44  Zergling x12  
  60  5:45  Zergling x4  
  60  5:48  Baneling x3  
  63  5:55  Zergling x12  
  68  6:00  Zergling x6  
  65  6:06  Baneling x4  
  64  6:14  Zergling x8  
  65  6:23  Drone x5, Zerg Missile Weapons Level 1  
  68  6:25  Drone  
  68  6:32  Drone x4  
  73  6:39  Drone x3  
  76  6:45  Drone  
  76  6:47  Overlord  
  76  6:51  Drone  
  76  6:57  Overlord  
  75  7:03  Drone x2  
  75  7:04  Drone x3  
  75  7:05  Extractor  
  75  7:06  Extractor  
  75  7:07  Overlord  
  77  7:12  Lair, Extractor  
  76  7:16  Overlord  
  76  7:18  Overlord  
  76  7:26  Roach  
  76  7:27  Roach x2, Drone x2  
  84  7:35  Roach x2  
  84  7:36  Overlord  
  86  7:44  Roach x4  
  86  7:46  Drone x3  
  86  7:48  Extractor  
  86  7:50  Hatchery  
  95  7:52  Drone x5  
  97  8:02  Overlord  
  97  8:06  Drone x3  
  97  8:07  Roach  
  97  8:08  Roach x5  
  97  8:12  Glial Reconstitution  
  112  8:24  Roach  
  112  8:25  Roach  
  111  8:33  Roach x4  
  117  8:36  Roach x2  
  121  8:42  Extractor  
  121  8:43  Roach x4  
  121  8:46  Overlord  
  127  8:50  Roach x4  
  135  8:56  Roach x3  
  135  8:57  Overlord x2  
  141  9:05  Roach x5  
  141  9:07  Overlord  
  151  9:10  Ravager  
  151  9:11  Overlord  
  152  9:17  Roach  
  152  9:18  Roach x4  
  162  9:24  Roach x4  
  170  9:33  Roach  
  170  9:34  Roach x4  
  161  9:47  Roach  
  161  9:48  Roach x7  
Tags
 
Add a new tag
Caveats
  • Supply blocks, unpowered buildings, or Contaminate may cause inaccurate times.
  • Supply counts are checked every 10 seconds.